 Dungeon Crawl Stone Soup version 0.24-a0-373-g39439d866b (webtiles) character file.

Game seed: 5633310787284968310

6121 vurker the Summoner (level 10, -20/75 HPs)
             Began as a Gnoll Summoner on May 30, 2019.
             Was a Believer of Ashenzari.
             Demolished by a centaur warrior
             ... wielding the +7 battleaxe of Courage {speed, Str+3}
              (21 damage)
             ... on level 10 of the Dungeon.
             The game lasted 00:53:20 (12124 turns).

vurker the Summoner (Gnoll Summoner)               Turns: 12124, Time: 00:53:21

Health: -20/75     AC:  8    Str: 12    XL:     10   Next: 89%
Magic:  19/21      EV: 16    Int: 20    God:    Ashenzari [**....]
Gold:   643        SH:  0    Dex: 15    Spells: 14/24 levels left

rFire    . . .     SeeInvis .   a - +4 spear
rCold    . . .     Gourm    .   (no shield)
rNeg     . . .     Faith    .   l - +1 leather armour
rPois    +         Spirit   .   u - +0 helmet
rElec    .         Reflect  .   h - +0 cloak
rCorr    .         Harm     .   s - +0 pair of gloves
MR       .....                  (no boots)
Stlth    +++.......             y - amulet of the acrobat (curse)
HPRegen  0.22/turn              i - ring of poison resistance (curse)
MPRegen  0.17/turn              D - ring of wizardry (curse)

@: no status effects
A: distributed training, fangs 1, strong nose
a: Curse Item, Scrying, Renounce Religion


You were on level 10 of the Dungeon.
You worshipped Ashenzari.
Ashenzari was pleased with you.
You were not hungry.

You visited 1 branch of the dungeon, and saw 10 of its levels.
You also visited: Sewer.

You collected 643 gold pieces.

Inventory:

Hand Weapons
 a - a +4 spear (weapon)
   (You took it off a gnoll on level 5 of the Dungeon)
 b - a +3 short sword of venom
   (You took it off a kobold on level 1 of the Dungeon)
Missiles
 o - 26 sling bullets
 A - 2 throwing nets (quivered) {!f}
Armour
 h - a +0 cloak (worn)
   (You found it on level 4 of the Dungeon)
 l - a +1 leather armour (worn)
   (You found it on level 1 of the Dungeon)
 s - a +0 pair of gloves (worn)
   (You found it on level 1 of the Dungeon)
 u - a +0 helmet (worn)
   (You took it off Robin on level 2 of the Dungeon)
Jewellery
 i - a cursed ring of poison resistance (left hand)
   (You found it on level 1 of the Dungeon)
 n - a +4 ring of dexterity
   (You found it on level 1 of the Dungeon)
 y - a cursed amulet of the acrobat (around neck)
   (You found it on level 2 of the Dungeon)
 z - an uncursed ring of see invisible
   (You found it on level 4 of the Dungeon)
 D - a cursed ring of wizardry (right hand)
   (You found it on level 9 of the Dungeon)
 H - an uncursed amulet of regeneration
   (You found it on level 7 of the Dungeon)
 I - an uncursed ring of resist corrosion
   (You found it on level 1 of the Dungeon)
 N - an uncursed amulet of rage
   (You found it on level 9 of the Dungeon)
Wands
 d - a wand of iceblast (5)
   (You found it on level 8 of the Dungeon)
 t - a wand of flame (12)
   (You found it on level 8 of the Dungeon)
 v - a wand of digging (4)
   (You found it on level 6 of the Dungeon)
Scrolls
 f - a scroll of remove curse {@r2}
 j - a scroll of fog
 k - a scroll of blinking
 m - 2 scrolls of teleportation {@r4}
 E - a scroll of fear
 G - 4 scrolls of identify {@r1}
 J - 4 scrolls of amnesia
Potions
 c - 2 potions of lignification {!q}
 g - 4 potions of might
 p - a potion of ambrosia
 q - 7 potions of curing {@q1}
 r - 2 potions of cancellation
 w - 2 potions of heal wounds {unknown}
 x - a potion of magic {unknown}
 B - 2 potions of mutation {unknown}
 C - a potion of agility {unknown}
 F - a potion of invisibility {unknown}
 K - a potion of brilliance {unknown}
 L - a potion of resistance {unknown}
 M - a potion of berserk rage
Comestibles
 e - 14 rations {!d}
 P - 12 chunks of flesh


   Skills:
 + Level 5.6 Fighting
 + Level 5.6 Short Blades
 + Level 5.6 Long Blades
 + Level 5.6 Axes
 + Level 5.6 Maces & Flails
 + Level 5.6 Polearms
 + Level 5.6 Staves
 + Level 5.6 Slings
 + Level 5.6 Bows
 + Level 5.6 Crossbows
 + Level 5.6 Throwing
 + Level 5.6 Armour
 + Level 7.3 Dodging
 + Level 7.1 Stealth
 + Level 5.6 Shields
 + Level 5.6 Unarmed Combat
 + Level 7.6 Spellcasting
 + Level 4.6(6.8) Conjurations
 + Level 4.6(6.8) Hexes
 + Level 4.6(6.8) Charms
 + Level 8.6(10.8) Summonings
 + Level 4.6(6.8) Necromancy
 + Level 4.6(6.8) Translocations
 + Level 4.6(6.8) Transmutations
 + Level 4.6(6.8) Fire Magic
 + Level 4.6(6.8) Ice Magic
 + Level 4.6(6.8) Air Magic
 + Level 4.6(6.8) Earth Magic
 + Level 4.6(6.8) Poison Magic
 + Level 6.1 Invocations
 + Level 5.6(7.9) Evocations


You had 14 spell levels left.
You knew the following spells:

 Your Spells              Type           Power        Failure   Level  Hunger
d - Summon Ice Beast      Ice/Summ       #####...     1%          4    ###....
x - Call Imp              Summ           ######..     1%          2    None
z - Summon Lightning Spi  Summ/Air       #####...     1%          4    ###....

Your spell library contained the following spells:

 Spells                   Type           Power        Failure   Level  Hunger
 Beastly Appendage        Tmut           #####.       1%          1    None
 Confusing Touch          Hex            #####.       1%          1    None
 Corona                   Hex            #####..      1%          1    None
 Summon Small Mammal      Summ           ####         1%          1    None
 Ensorcelled Hibernation  Hex/Ice        #####.       1%          2    None
 Sticks to Snakes         Tmut           #####...     1%          2    None
 Call Canine Familiar     Summ           ######..     1%          3    None
 Confuse                  Hex            #####...     1%          3    None
 Dazzling Spray           Conj/Hex       #####.       1%          3    None
 Gell's Gravitas          Tloc           #####.....   1%          3    None
 Spider Form              Tmut/Pois      #####.....   1%          3    None
 Summon Guardian Golem    Hex/Summ       #####...     1%          3    None
 Tukima's Dance           Hex            #####...     1%          3    None
 Ice Form                 Ice/Tmut       #####...     2%          4    ###....
 Petrify                  Tmut/Erth      #####...     2%          4    ###....
 Blade Hands              Tmut           #####.....   8%          5    #####..
 Metabolic Englaciation   Hex/Ice        #####.....   8%          5    #####..
 Yara's Violent Unravell  Hex/Tmut       #####.....   8%          5    #####..


Dungeon Overview and Level Annotations

Branches:
Dungeon (10/15)            Temple (0/1) D:7            Lair (0/6) D:9
    Orc (0/2) D:9

Altars:
Ashenzari
Gozag
Nemelex Xobeh
Trog
Vehumet
Zin

Shops:
D:4 [

Annotations:
D:4 2 transporters, Azzok's ghost, amateur FoFi
D:8 5 runed translucent doors, Harold


Innate Abilities, Weirdness & Mutations

Your experience applies equally to all skills.
You have very sharp teeth.
Your uncanny sense of smell can sniff out nearby items.


Message History

Aim: a centaur warrior, wielding a +0 longbow (moderately wounded)
You reach to attack!
You hit the centaur warrior but do no damage.
The centaur warrior shoots an arrow.
The arrow hits your ice beast!
Your ice beast hits the centaur warrior but does no damage.
Attack whom?
Aim: a centaur warrior, wielding a +0 longbow (moderately wounded)
You could not reach far enough!
The centaur warrior shoots an arrow.
The arrow hits your ice beast!!
Your ice beast dies!
You swap places.
The centaur warrior shoots an arrow.
The arrow hits your ice beast!!
The centaur warrior shoots an arrow.
The arrow hits your ice beast!!
Your ice beast dies!
You see here an arrow.
Attack whom?
Aim: a centaur warrior, wielding a +0 longbow (moderately wounded)
You reach to attack!
You hit the centaur warrior.
The centaur warrior shoots an arrow.
The arrow hits you!!
An electric hum fills the air.
The centaur warrior shoots an arrow.
The arrow hits your lightning spire!
Attack whom?
Aim: a centaur warrior, wielding a +0 longbow (moderately wounded)
You reach to attack!
You hit the centaur warrior.
The centaur warrior shoots an arrow.
The arrow hits your lightning spire!!
Your lightning spire is destroyed!
The crimson imp blinks!
You open the door.
The centaur warrior shoots an arrow.
The arrow hits you!!
* * * LOW HITPOINT WARNING * * *
You don't have enough magic to cast that spell.
The centaur warrior shoots an arrow.
The arrow misses you.
The centaur warrior shoots an arrow.
The arrow hits you!
* * * LOW HITPOINT WARNING * * *
There is an open translucent door, spattered with blood here.
You see here 2 arrows.
You don't have enough magic to cast that spell.
You are confused.
You feel invigorated.
The centaur warrior unwields a +0 longbow.
The centaur warrior wields the +7 battleaxe of Courage {speed, Str+3}.
The centaur warrior hits you with the +7 battleaxe of Courage {speed, Str+3}!
* * * LOW HITPOINT WARNING * * *
You bump into the translucent stone wall.
You feel less invigorated.
You feel less confused.
The centaur warrior hits you with the +7 battleaxe of Courage {speed, Str+3}!
* * * LOW HITPOINT WARNING * * *
You open the door.
The centaur warrior hits you with the +7 battleaxe of Courage {speed, Str+3}!!
You die...

............####..#.#.#.#.#
##.####...###...#.#.#.#.#.#
##..#...###..###..#.#.#.#.#####
......###..##÷####..#.#.#..(..#
#...###..#####.# ###..#.#..##.#
..###..### #.#######..#..##.###
#.#..### #.##...####..###....
#.###.)### #.##'##.####.# #####
#.# ###..### #.#@..#.#....##
#.# ###..###.#c..#..###..# #.#
*###[.#.##(#####....### #.# ,∆
* ###Y.#(.###........# ..# ∆ ∆∆
* ##)5###..........# ..#
**)55....###.....[......# 8.#*∆
∆}#######...#..........# #.# ∆
#####....###..........# #.#
###.....#........######


You could see a centaur warrior and a crimson imp.

Vanquished Creatures
  A hydra (D:10)
  A kobold demonologist (D:10)
  2 trolls (D:10)
  3 hippogriffs
  A hungry ghost (D:8)
  3 sky beasts
  An orc warrior (D:9)
  2 ogres (D:7)
  A big kobold (D:7)
  4 bullfrogs
  2 scorpions
  A centaur zombie (D:9)
  3 hounds
  2 orc priests
  A centaur skeleton (D:4)
  A jelly (D:8)
  2 orc wizards
  A bullfrog skeleton (D:10)
  2 iguanas (D:5)
  10 worker ants
  3 gnolls
  A howler monkey skeleton (D:3)
  12 adders
  10 oozes
  A worm (D:3)
  9 leopard geckos
  12 orcs
  6 giant cockroaches
  9 goblins
  11 hobgoblins
  8 jackals
  12 kobolds
  3 quokkas
  6 ball pythons
  9 bats
  8 frilled lizards
  A jackal skeleton (D:4)
  A leopard gecko zombie (D:5)
  7 rats
173 creatures vanquished.

Vanquished Creatures (collateral kills)
  A two-headed ogre (D:8)
  Joseph (D:7)
  A centaur skeleton (D:10)
  A troll (D:10)
  A hungry ghost (D:10)
  Edmund (D:6)
  An acid dragon (D:10)
  6 orc warriors
  2 black bears
  2 phantoms (D:4)
  An eye of draining (D:10)
  2 ice beasts
  5 ogres
  A necrophage (D:10)
  A centaur (D:8)
  Blork the orc (D:5)
  A water moccasin skeleton (D:8)
  A wyvern skeleton (D:10)
  6 killer bees (D:8)
  4 wights (D:9)
  3 howler monkeys
  3 crimson imps
  A bullfrog zombie (D:8)
  2 jellies (D:8)
  A gnoll shaman (D:8)
  3 orc priests
  3 iguanas
  14 orc wizards
  3 worker ants (D:4)
  A hound skeleton (D:7)
  Robin (D:2)
  2 worker ant zombies
  8 gnolls
  6 adders
  2 shadow imps (D:8)
  10 oozes
  2 dart slugs (D:1)
  8 leopard geckos
  25 orcs
  6 ball pythons (Sewer)
  10 giant cockroaches
  12 goblins
  5 hobgoblins
  10 jackals
  4 kobolds
  2 quokkas
  A bat (D:1)
  10 frilled lizards
  9 rats
207 creatures vanquished.

Vanquished Creatures (others)
  A plant (D:4)
1 creature vanquished.

Grand Total: 381 creatures vanquished

Notes
Turn   | Place    | Note
-------+----------+-------------------------------------------
     0 | D:1      | vurker the Gnoll Summoner began the quest for the Orb.
     0 | D:1      | Reached XP level 1. HP: 13/13 MP: 6/6
     1 | D:1      | Found a runed translucent door.
   285 | D:1      | Reached XP level 2. HP: 19/19 MP: 3/7
   900 | D:1      | Learned a level 2 spell: Call Imp
   958 | D:1      | Reached XP level 3. HP: 23/25 MP: 6/9
  1067 | D:1      | Reached skill level 5 in Spellcasting
  1384 | D:1      | Reached skill level 1 in Invocations
  1406 | D:1      | Reached skill level 1 in Fighting
  1406 | D:1      | Reached skill level 1 in Short Blades
  1406 | D:1      | Reached skill level 1 in Long Blades
  1406 | D:1      | Reached skill level 1 in Axes
  1406 | D:1      | Reached skill level 1 in Maces & Flails
  1406 | D:1      | Reached skill level 1 in Polearms
  1406 | D:1      | Reached skill level 1 in Staves
  1406 | D:1      | Reached skill level 1 in Slings
  1406 | D:1      | Reached skill level 1 in Bows
  1406 | D:1      | Reached skill level 1 in Crossbows
  1406 | D:1      | Reached skill level 1 in Throwing
  1406 | D:1      | Reached skill level 1 in Armour
  1406 | D:1      | Reached skill level 1 in Shields
  1406 | D:1      | Reached skill level 1 in Unarmed Combat
  1406 | D:1      | Reached skill level 1 in Evocations
  1418 | D:1      | Reached XP level 4. HP: 17/32 MP: 6/11
  1812 | D:2      | Noticed Robin
  1850 | D:2      | Killed Robin
  1864 | D:2      | Reached skill level 1 in Conjurations
  1864 | D:2      | Reached skill level 1 in Hexes
  1864 | D:2      | Reached skill level 1 in Charms
  1864 | D:2      | Reached skill level 1 in Necromancy
  1864 | D:2      | Reached skill level 1 in Translocations
  1864 | D:2      | Reached skill level 1 in Transmutations
  1864 | D:2      | Reached skill level 1 in Fire Magic
  1864 | D:2      | Reached skill level 1 in Ice Magic
  1864 | D:2      | Reached skill level 1 in Air Magic
  1864 | D:2      | Reached skill level 1 in Earth Magic
  1864 | D:2      | Reached skill level 1 in Poison Magic
  2048 | D:2      | Learned a level 4 spell: Summon Ice Beast
  2053 | D:2      | Learned a level 4 spell: Summon Lightning Spire
  2142 | D:2      | Reached XP level 5. HP: 37/37 MP: 12/12
  2175 | D:2      | Found a glowing silver altar of Zin.
  2943 | D:3      | Found a glowing drain.
  2960 | Sewer    | Entered a sewer
  3413 | Sewer    | Reached XP level 6. HP: 44/44 MP: 8/13
  3423 | Sewer    | Reached skill level 5 in Dodging
  4654 | D:4      | Reached XP level 7. HP: 30/50 MP: 15/15
  5028 | D:4      | Found Zihifae's Armour Boutique.
  5053 | D:4      | Reached skill level 5 in Stealth
  5313 | D:4      | Found a transporter.
  5562 | D:4      | Identified the +7 spear "Wiel" {vamp, Str+4}
  5589 | D:4      | Found a transporter.
  5599 | D:4      | Noticed Azzok's ghost (amateur FoFi)
  5623 | D:4      | Reached XP level 8. HP: 57/57 MP: 12/16
  5814 | D:5      | Entered Level 5 of the Dungeon
  5814 | D:5      | Noticed Blork the orc
  5817 | D:5      | Killed Blork the orc
  6243 | D:5      | Found a radiant altar of Vehumet.
  6393 | D:5      | Noticed a hippogriff
  6424 | D:5      | Killed a hippogriff
  6822 | D:5      | Found a shattered altar of Ashenzari.
  7072 | D:5      | Became a worshipper of Ashenzari the Shackled
  7544 | D:6      | Noticed Edmund
  7568 | D:6      | Killed Edmund
  8123 | D:7      | Noticed Joseph
  8313 | D:7      | Killed Joseph
  8313 | D:7      | Reached XP level 9. HP: 46/65 MP: 2/18
  8637 | D:7      | Found a sparkling altar of Nemelex Xobeh.
  8818 | D:7      | Reached * piety under Ashenzari
  9010 | D:7      | Found a staircase to the Ecumenical Temple.
  9100 | D:8      | Noticed a two-headed ogre
  9468 | D:8      | Reached skill level 8 in Summonings
  9775 | D:8      | Killed a two-headed ogre
  9873 | D:8      | Found the +9 staff of Olgreb {rPois}
  9875 | D:8      | Found a runed translucent door.
  9880 | D:8      | Found a runed translucent gate.
  9880 | D:8      | Found a runed translucent gate.
  9881 | D:8      | Found a runed translucent door.
  9891 | D:8      | Found a runed translucent gate.
  9893 | D:8      | Noticed Harold
  9997 | D:8      | Reached skill level 5 in Invocations
 10290 | D:8      | Reached XP level 10. HP: 73/73 MP: 17/20
 10648 | D:9      | Found an opulent altar of Gozag.
 10686 | D:9      | Found a bloodstained altar of Trog.
 10766 | D:9      | Found a staircase to the Orcish Mines.
 10816 | D:9      | Reached skill level 5 in Fighting
 10816 | D:9      | Reached skill level 5 in Short Blades
 10816 | D:9      | Reached skill level 5 in Long Blades
 10816 | D:9      | Reached skill level 5 in Axes
 10816 | D:9      | Reached skill level 5 in Maces & Flails
 10816 | D:9      | Reached skill level 5 in Polearms
 10816 | D:9      | Reached skill level 5 in Staves
 10816 | D:9      | Reached skill level 5 in Slings
 10816 | D:9      | Reached skill level 5 in Bows
 10816 | D:9      | Reached skill level 5 in Crossbows
 10816 | D:9      | Reached skill level 5 in Throwing
 10816 | D:9      | Reached skill level 5 in Armour
 10816 | D:9      | Reached skill level 5 in Shields
 10816 | D:9      | Reached skill level 5 in Unarmed Combat
 10816 | D:9      | Reached skill level 5 in Evocations
 11239 | D:9      | Reached ** piety under Ashenzari
 11333 | D:9      | Found a staircase to the Lair.
 11534 | D:10     | Entered Level 10 of the Dungeon
 11977 | D:10     | Found a runed translucent door.
 11977 | D:10     | Found a runed translucent door.
 12056 | D:10     | Noticed a five-headed hydra
 12057 | D:10     | Noticed a kobold demonologist
 12062 | D:10     | Identified the +7 battleaxe of Courage {speed, Str+3}
 12062 | D:10     | Noticed a centaur warrior
 12070 | D:10     | Killed a five-headed hydra
 12108 | D:10     | Killed a kobold demonologist
 12123 | D:10     | HP: 1/75 [centaur warrior/the +7 battleaxe of Courage
                  | {speed, Str+3} (12)]
 12124 | D:10     | Demolished by a centaur warrior

Levels and vault maps discovered:
D:1:      dpeg_arrival_caged_fury, layout_rooms, corner_web_ring,
          chequers_serial_rivers_small_a, corexii_hall_statues_deadend
D:2:      layout_basic, zin_treasury, first_ration, uniq_robin
D:3:      layout_loops_corners, cheibrodos_sewer_entry_drain,
          minmay_fractal_squares_diagonal_5
D:4:      layout_basic, serial_shops, shop, gammafunk_ghost_gnarly_gnolls,
          minmay_bisected
D:5:      layout_basic, overflow_temple_1_default, marbit_many_paths,
          uniq_blork_the_orc
D:6:      layout_basic, st_stairs_3, uniq_edmund
D:7:      layout_loops_ring, overflow_temple_1_default,
          minmay_temple_entry_fiery, uniq_joseph
D:8:      layout_basic, hangedman_little_slice_of_home,
          minmay_guarded_unrand_staff_of_olgreb, uniq_harold
D:9:      layout_roguey, grunt_gozag_breadcrumbs, lair_entry_dummy, erik_orc_4,
          basic_altar
D:10:     minmay_the_grid_triangle_9x9_rhombus_thin
          [minmay_the_grid_triangle_9x9_thin_v,
          minmay_the_grid_triangle_9x9_prize_insulated,
          minmay_the_grid_triangle_9x9_flanged_cone,
          minmay_the_grid_triangle_9x9_tough_junction], layout_loops_cross

Skill      XL: |  1  2  3  4  5  6  7  8  9 10 |
---------------+-------------------------------+-----
Spellcasting   | 5 6 7 |  7.6
Invocations    | 1 2 3 4 5 6 |  6.1
Fighting       | 1 2 3 4 5 |  5.6
Short Blades   | 1 2 3 4 5 |  5.6
Long Blades    | 1 2 3 4 5 |  5.6
Axes           | 1 2 3 4 5 |  5.6
Maces & Flails | 1 2 3 4 5 |  5.6
Polearms       | 1 2 3 4 5 |  5.6
Staves         | 1 2 3 4 5 |  5.6
Slings         | 1 2 3 4 5 |  5.6
Bows           | 1 2 3 4 5 |  5.6
Crossbows      | 1 2 3 4 5 |  5.6
Throwing       | 1 2 3 4 5 |  5.6
Armour         | 1 2 3 4 5 |  5.6
Shields        | 1 2 3 4 5 |  5.6
Unarmed Combat | 1 2 3 4 5 |  5.6
Evocations     | 1 2 3 4 5 |  5.6
Conjurations   | 1 2 3 4 |  4.6
Hexes          | 1 2 3 4 |  4.6
Charms         | 1 2 3 4 |  4.6
Necromancy     | 1 2 3 4 |  4.6
Translocations | 1 2 3 4 |  4.6
Transmutations | 1 2 3 4 |  4.6
Fire Magic     | 1 2 3 4 |  4.6
Ice Magic      | 1 2 3 4 |  4.6
Air Magic      | 1 2 3 4 |  4.6
Earth Magic    | 1 2 3 4 |  4.6
Poison Magic   | 1 2 3 4 |  4.6
Dodging        | 5 6 7 |  7.3
Stealth        | 5 6 7 |  7.1
Summonings     | 8 |  8.6

Action                   |  1- 3 |  4- 6 |  7- 9 | 10-12 || total
-------------------------+-------+-------+-------+-------++-------
Melee: Unarmed           |    28 |       |       |       ||    28
       Bite              |    11 |    14 |    21 |    16 ||    62
       Dagger            |    15 |       |       |       ||    15
       Short sword       |    25 |   171 |   124 |       ||   320
       Punch             |       |     2 |     4 |     2 ||     8
       Spear             |       |       |   134 |   190 ||   324
 Fire: Hunting sling     |    21 |    39 |    15 |       ||    75
 Cast: Summon Small Mamm |    38 |     1 |       |       ||    39
       Call Imp          |     4 |    31 |    58 |    10 ||   103
       Summon Ice Beast  |       |     4 |    11 |     9 ||    24
       Summon Lightning  |       |       |    33 |    27 ||    60
Invok: Curse Item        |       |       |     2 |     1 ||     3
  Use: Scroll            |       |     6 |     9 |       ||    15
       Potion            |       |       |       |     1 ||     1
 Stab: Sleeping          |       |     6 |     4 |     1 ||    11
       Distracted        |       |       |     3 |     5 ||     8
  Eat: Chunk             |     1 |     9 |    11 |     5 ||    26
       Ration            |       |     1 |     4 |     2 ||     7
Armor: Robe              |    16 |       |       |       ||    16
       Leather armour    |    17 |    46 |    42 |    31 ||   136
Dodge: Dodged            |    91 |   176 |   216 |    96 ||   579

Table legend:
 A = Non-vault XP
 B = Vault XP
 C = Vault XP percentage of total XP
 D = Non-vault monster count
 E = Vault monster count
 F = Vault count percentage of total count
                 A         B        C        D         E       F
            +---------+---------+-------+---------+---------+-------
      Total |    5827 |    2918 |  33.4 |     244 |     136 |  35.8
            +---------+---------+-------+---------+---------+-------
        D:1 |      53 |      33 |  38.4 |      38 |      12 |  24.0
        D:2 |      69 |      28 |  28.9 |      24 |      13 |  35.1
        D:3 |      59 |      52 |  46.8 |      15 |      11 |  42.3
        D:4 |     690 |      74 |   9.7 |      27 |       2 |   6.9
        D:5 |     608 |      55 |   8.3 |      17 |       2 |  10.5
        D:6 |     219 |      87 |  28.4 |      11 |       1 |   8.3
        D:7 |     651 |     256 |  28.2 |      28 |       1 |   3.4
        D:8 |    1633 |     105 |   6.0 |      48 |       8 |  14.3
        D:9 |     738 |     245 |  24.9 |      21 |      17 |  44.7
       D:10 |    1107 |    1691 |  60.4 |      15 |      10 |  40.0
      Sewer |       0 |     292 | 100.0 |       0 |      59 | 100.0
            +---------+---------+-------+---------+---------+-------
